 Dungeon Crawl Stone Soup version 0.29.0-4-gdea44cf6ec (webtiles) character file.

Game seed: 1028362557936691829

3878 qw the Cleaver (level 10, -1/64 HPs)
             Began as a Gargoyle Fighter on Sept 8, 2022.
             Slain by a two-headed ogre
             ... wielding a +0 giant club
              (21 damage)
             ... on level 9 of the Dungeon.
             The game lasted 00:03:18 (8380 turns).

qw the Cleaver (Gargoyle Fighter)                   Turns: 8380, Time: 00:03:19

Health: -1/64      AC: 28    Str: 30    XL:     10   Next: 19%
Magic:  10/10      EV:  7    Int:  9    God:
Gold:   360        SH:  4    Dex:  9    Spells: 9/9 levels left

rFire   . . .      SeeInvis .   Y - +0 war axe (flame)
rCold   . . .      Faith    .   c - +0 buckler
rNeg    + . .      Spirit   .   e - +0 plate armour
rPois   inf        Reflect  .   o - +1 helmet
rElec   +          Harm     .   (no cloak)
rCorr   .          Rampage  .   (no gloves)
Will    .....                   k - +0 pair of boots
Stlth   ..........              (no amulet)
HPRegen 0.20/turn               f - +4 ring of protection
MPRegen 0.12/turn               g - +6 ring of strength

@: no status effects
A: sickness immunity, AC +7, negative energy resistance 1, electricity
resistance, torment resistance 1, petrification resistance
a: no special abilities


You were on level 9 of the Dungeon.
You visited 1 branch of the dungeon, and saw 9 of its levels.

You collected 535 gold pieces.
You spent 175 gold pieces at shops.


Innate Abilities, Weirdness & Mutations

You are immune to sickness and miasma.
Your stone body is resilient. (AC +7)
You are immune to poison.
You resist negative energy. (rN+)
You are resistant to electric shocks. (rElec)
You are resistant to unholy torment.
You are immune to petrification.


   Skills:
 - Level 8.0 Fighting
 + Level 10.1 Axes
 - Level 7.0 Armour
 - Level 1.0 Dodging
 - Level 5.0 Shields


You had 9 spell levels left.
You didn't know any spells.
Your spell library was empty.

Inventory:

Hand Weapons
 Y - a +0 war axe of flaming (weapon)
Armour
 c - a +0 buckler (worn)
 e - a +0 plate armour (worn)
 k - a +0 pair of boots (worn)
 o - a +1 helmet (worn)
Jewellery
 f - a +4 ring of protection (left hand)
 g - a +6 ring of strength (right hand)
Scrolls
 i - a scroll of identify
Potions
 a - 3 potions of cancellation
 b - 3 potions of curing
 d - 4 potions of might
 l - 2 potions of lignification
 p - a potion of resistance
 r - a potion of magic {unknown}
 s - a potion of heal wounds {unknown}
 t - a potion of attraction {unknown}

Dungeon Overview and Level Annotations

Branches:
Dungeon (9/15)             Temple (0/1) D:4
   Lair: D:8-11         Orc: D:9-12

Altars:
Elyvilon

Shops:
D:5 [

Annotations:
D:3 3 runed translucent doors, qw's ghost, amateur BaCK
D:6 1 runed translucent door, qw's ghost, novice GrBe
D:7 1 runed translucent door, Crazy Yiuf


Message History

The howler monkey hits you but does no damage.
You barely miss the howler monkey.
The howler monkey is severely wounded.
You hit the howler monkey. You burn the howler monkey.
You hit the two-headed ogre. You burn the two-headed ogre.
The howler monkey hits you.
The howler monkey hoots and howls with incredible vigour!
The two-headed ogre hits you with a +0 giant club.
The two-headed ogre hits you but does no damage.
The howler monkey hoots and howls with incredible vigour!
You hear a croak.
You hear a shout! x2
You hit the howler monkey. You burn the howler monkey.
You kill the howler monkey!
You closely miss the howler monkey. You hit the two-headed ogre.
You burn the two-headed ogre. The howler monkey barely misses you.
The two-headed ogre hits you with a +0 giant club!
The two-headed ogre hits you with a +0 giant club.
The howler monkey hits you but does no damage.
You slash the two-headed ogre! You burn the two-headed ogre.
The two-headed ogre is heavily wounded.
You closely miss the howler monkey.
The howler monkey hoots and howls with incredible vigour!
The two-headed ogre hits you with a +0 giant club!
The two-headed ogre hits you with a +0 giant club.
You hear a loud, deep croak!
You hear a shout!
You hear a loud, deep croak!
You hear a howl!
You hear a loud, deep croak!
You hear an angry buzzing noise.
You hear an angry hiss.
You hit the two-headed ogre. You burn the two-headed ogre.
The two-headed ogre is heavily wounded.
You slash the howler monkey! You burn the howler monkey.
You kill the howler monkey!
You hit the two-headed ogre. You burn the two-headed ogre.
The two-headed ogre is severely wounded.
The two-headed ogre barely misses you. x2
You closely miss the two-headed ogre.
The two-headed ogre is severely wounded.
The two-headed ogre hits you with a +0 giant club!
The two-headed ogre hits you with a +0 giant club!!
You die...

##+#### ....... ##.
.......######...
...............
.............
#...........
#....)......
#..%O.......
#..@#######h ..
#..%# .#.. ####...#
.....## #......#
........# #......#
........###......#
.................##
......./............
....................


You could see a two-headed ogre.

Vanquished Creatures
  Pikel (D:6)
  A hornet (D:8)
  2 steam dragons
  3 vampire mosquitoes (D:7)
  A sky beast (D:7)
  3 ice beasts
  3 centaurs
  A phantom (D:6)
  A kobold brigand (D:8)
  2 bullfrogs
  A scorpion (D:5)
  9 wights
  2 killer bees (D:9)
  12 howler monkeys
  4 hounds
  3 orc priests
  2 jellies
  A gnoll bouda (D:4)
  6 iguanas
  2 orc wizards (D:7)
  3 gnolls (D:4)
  9 adders
  A white imp (D:7)
  2 worms
  3 dart slugs
  17 orcs
  6 endoplasms
  2 giant cockroaches
  9 goblins
  5 hobgoblins
  10 kobolds
  4 quokkas
  7 ball pythons
  5 bats
  4 frilled lizards
  2 rats (D:1)
149 creatures vanquished.

Vanquished Creatures (others)
  4 toadstools (D:1)
4 creatures vanquished.

Grand Total: 153 creatures vanquished

Notes
Turn   | Place    | Note
-------+----------+-------------------------------------------
     0 | D:1      | qw the Gargoyle Fighter began the quest for the Orb.
     0 | D:1      | Reached XP level 1. HP: 14/14 MP: 1/1
     0 | D:1      | 0 ||| qw: Version: 0.1-a-112-g44dc6cd
     0 | D:1      | 0 ||| qw: Game counter: 6690
     0 | D:1      | 0 ||| qw: Always use a shield: true
     0 | D:1      | 0 ||| qw: God list: Okawaru
     0 | D:1      | 0 ||| qw: Allow faded altars: false
     0 | D:1      | 0 ||| qw: Do Orc after D:15 true
     0 | D:1      | 0 ||| qw: Do second Lair branch before Depths: true
     0 | D:1      | 0 ||| qw: Lair rune preference: random
     0 | D:1      | 0 ||| qw: Plans: Normal, Zot, God:TSO, Crypt, Tomb, Zig,
                  | Orb
     0 | D:1      | 0 ||| PLANNING D:1-11
    23 | D:1      | Reached skill level 2 in Axes
    55 | D:1      | Reached XP level 2. HP: 15/19 MP: 2/2
   136 | D:1      | 136 ||| DROPPING +0 club.
   576 | D:1      | Reached skill level 3 in Axes
   646 | D:1      | Reached XP level 3. HP: 20/23 MP: 3/3
   800 | D:1      | 800 ||| UPGRADING to +0 chain mail.
   810 | D:1      | 810 ||| DROPPING +0 scale mail.
   811 | D:1      | 811 ||| UPGRADING to +0 helmet.
   816 | D:1      | 816 ||| UPGRADING to +6 ring of strength.
   817 | D:1      | 817 ||| READING scroll labelled YGYUSE HYASE.
   818 | D:1      | 818 ||| READING scroll labelled VIKHISSI GOTWE.
   819 | D:1      | 819 ||| READING 3 scrolls labelled TINNUE KYORIA.
   820 | D:1      | 820 ||| READING scroll labelled UGAGUP GOOBLAR.
   823 | D:1      | 823 ||| READING scroll labelled VONKEUXZIK.
   824 | D:1      | 824 ||| READING 2 scrolls of identify.
   824 | D:1      | 824 ||| IDENTIFYING sedimented amethyst potion
   825 | D:1      | 825 ||| DROPPING potion of flight.
   833 | D:2      | 833 ||| STAIRDANCE
  1190 | D:2      | 1190 ||| Stepping ~*~*~tactically~*~*~ (stealth).
  1291 | D:2      | Reached XP level 4. HP: 25/28 MP: 4/4
  1461 | D:2      | 1461 ||| Stepping ~*~*~tactically~*~*~ (stealth).
  1468 | D:2      | Reached skill level 4 in Axes
  1540 | D:2      | 1540 ||| READING 2 scrolls labelled KEOBRE ZAXKU.
  1541 | D:2      | 1541 ||| READING scroll labelled ULLOMP TANU.
  1542 | D:2      | 1542 ||| READING scroll labelled QINANKE TYKHE.
  1591 | D:2      | 1591 ||| READING scroll labelled PAG RECAJATA.
  1592 | D:2      | 1592 ||| DRINKING 2 fizzy ruby potions.
  1617 | D:2      | 1617 ||| READING 2 scrolls of identify.
  1617 | D:2      | 1617 ||| IDENTIFYING white potion
  1618 | D:2      | 1618 ||| DROPPING scroll of magic mapping.
  1645 | D:3      | 1645 ||| STAIRDANCE
  1653 | D:2      | 1653 ||| DROPPING +0 mace.
  1657 | D:3      | 1657 ||| STAIRDANCE
  1725 | D:3      | 1725 ||| Stepping ~*~*~tactically~*~*~ (stealth).
  1748 | D:3      | Found a faded altar of an unknown god.
  1766 | D:3      | Noticed qw's ghost (amateur BaCK)
  1770 | D:3      | Found a runed translucent gate.
  1770 | D:3      | Found a runed translucent gate.
  1770 | D:3      | Found a runed translucent gate.
  2415 | D:3      | 2415 ||| UPGRADING to +0 plate armour.
  2425 | D:3      | 2425 ||| DROPPING +0 chain mail.
  2426 | D:3      | 2426 ||| UPGRADING to ring of willpower.
  2485 | D:4      | Found a staircase to the Ecumenical Temple.
  2529 | D:4      | 2529 ||| Stepping ~*~*~tactically~*~*~ (hiding).
  2542 | D:4      | Reached XP level 5. HP: 32/32 MP: 5/5
  2644 | D:4      | Reached skill level 5 in Axes
  2722 | D:4      | 2722 ||| DROPPING +0 flail.
  2763 | D:4      | Reached XP level 6. HP: 29/38 MP: 6/6
  2763 | D:4      | 2763 ||| STAIRDANCE
  2769 | D:3      | 2769 ||| FLEEEEING.
  2773 | D:3      | 2773 ||| FLEEEEING.
  2774 | D:3      | 2774 ||| FLEEEEING.
  2775 | D:3      | 2775 ||| FLEEEEING.
  2776 | D:3      | 2776 ||| FLEEEEING.
  2777 | D:3      | 2777 ||| FLEEEEING.
  2778 | D:3      | 2778 ||| FLEEEEING.
  2781 | D:3      | 2781 ||| FLEEEEING.
  2782 | D:3      | 2782 ||| STAIRDANCE
  3315 | D:4      | 3315 ||| READING 2 scrolls of identify.
  3315 | D:4      | 3315 ||| IDENTIFYING viscous clear potion
  3360 | D:5      | Entered Level 5 of the Dungeon
  3393 | D:5      | 3393 ||| Stepping ~*~*~tactically~*~*~ (stealth).
  3416 | D:5      | 3416 ||| FLEEEEING.
  3418 | D:5      | 3418 ||| FLEEEEING.
  3419 | D:5      | 3419 ||| STAIRDANCE
  3759 | D:5      | Noticed an ice beast
  3773 | D:5      | Killed an ice beast
  3774 | D:5      | Reached skill level 6 in Axes
  3790 | D:5      | Reached XP level 7. HP: 33/43 MP: 7/7
  3902 | D:5      | 3902 ||| Stepping ~*~*~tactically~*~*~ (stealth).
  3935 | D:5      | Reached skill level 1 in Dodging
  3945 | D:5      | 3945 ||| Stepping ~*~*~tactically~*~*~ (stealth).
  4024 | D:5      | Found Xeutecaf's Antique Armour Shop.
  4031 | D:5      | 4031 ||| BUYING glowing hat (175 gold).
  4031 | D:5      | Bought a glowing hat for 175 gold pieces
  4031 | D:5      | 4031 ||| SHOPLISTING runed helmet (187 gold, have 41).
  4240 | D:5      | 4240 ||| UPGRADING to +0 pair of boots.
  4245 | D:5      | 4245 ||| DROPPING +2 hat.
  4246 | D:5      | 4246 ||| DRINKING 3 cyan potions.
  4247 | D:5      | 4247 ||| DROPPING 2 potions of brilliance.
  4293 | D:6      | Found a runed translucent door.
  4299 | D:6      | Noticed qw's ghost (novice GrBe)
  4391 | D:6      | Found a white marble altar of Elyvilon.
  4485 | D:6      | Noticed Pikel
  4486 | D:6      | 4486 ||| Stepping ~*~*~tactically~*~*~ (stealth).
  4488 | D:6      | 4488 ||| Stepping ~*~*~tactically~*~*~ (stealth).
  4497 | D:6      | 4497 ||| Stepping ~*~*~tactically~*~*~ (stealth).
  4507 | D:6      | Killed Pikel
  4508 | D:6      | Reached skill level 8 in Axes
  4508 | D:6      | Reached XP level 8. HP: 18/48 MP: 8/8
  4787 | D:6      | 4787 ||| Stepping ~*~*~tactically~*~*~ (stealth).
  5354 | D:6      | 5354 ||| READING scroll labelled VACKIW JARGHAEXT.
  5355 | D:6      | 5355 ||| READING scroll labelled BIABLENI YLED.
  5417 | D:7      | 5417 ||| Stepping ~*~*~tactically~*~*~ (stealth).
  5420 | D:7      | 5420 ||| Stepping ~*~*~tactically~*~*~ (stealth).
  5553 | D:7      | Reached skill level 6 in Fighting
  5638 | D:7      | 5638 ||| Stepping ~*~*~tactically~*~*~ (hiding).
  5651 | D:7      | 5651 ||| Stepping ~*~*~tactically~*~*~ (stealth).
  5664 | D:7      | Reached XP level 9. HP: 44/55 MP: 9/9
  5670 | D:7      | Reached skill level 9 in Axes
  5835 | D:7      | HP: 9/56 [wight/+3 dire flail of freezing (12)]
  5836 | D:7      | 5836 ||| READING scroll of teleportation.
  6172 | D:7      | 6172 ||| Stepping ~*~*~tactically~*~*~ (stealth).
  6420 | D:7      | Found a runed translucent door.
  6421 | D:7      | Noticed Crazy Yiuf
  6543 | D:7      | 6543 ||| READING 2 scrolls labelled KUWUSHR DAOHUCS.
  6544 | D:7      | 6544 ||| READING scroll of enchant armour.
  6544 | D:7      | 6544 ||| ENCHANTING +0 helmet.
  6545 | D:7      | 6545 ||| READING 3 scrolls of identify.
  6545 | D:7      | 6545 ||| IDENTIFYING amethyst potion
  6546 | D:7      | 6546 ||| READING 2 scrolls of identify.
  6546 | D:7      | 6546 ||| IDENTIFYING bubbling grey potion
  6547 | D:7      | 6547 ||| DROPPING potion of berserk rage.
  6548 | D:7      | 6548 ||| DROPPING potion of ambrosia.
  6977 | D:6      | 6977 ||| READING 2 scrolls of identify.
  6977 | D:6      | 6977 ||| IDENTIFYING purple potion
  6978 | D:6      | 6978 ||| DROPPING potion of invisibility.
  7035 | D:8      | 7035 ||| STAIRDANCE
  7137 | D:8      | Noticed a hornet
  7138 | D:8      | 7138 ||| STAIRDANCE
  7218 | D:8      | Killed a hornet
  7219 | D:8      | Reached skill level 6 in Armour
  7219 | D:8      | 7219 ||| STAIRDANCE
  7420 | D:8      | 7420 ||| Stepping ~*~*~tactically~*~*~ (stealth).
  7421 | D:8      | 7421 ||| Stepping ~*~*~tactically~*~*~ (stealth).
  7516 | D:8      | 7516 ||| Stepping ~*~*~tactically~*~*~ (hiding).
  7517 | D:8      | 7517 ||| Stepping ~*~*~tactically~*~*~ (stealth).
  7626 | D:8      | 7626 ||| READING scroll of brand weapon.
  7626 | D:8      | 7626 ||| BRANDING +0 war axe of protection.
  7627 | D:8      | 7627 ||| DROPPING +0 vampiric whip.
  7689 | D:8      | 7689 ||| Stepping ~*~*~tactically~*~*~ (hiding).
  7842 | D:8      | 7842 ||| Stepping ~*~*~tactically~*~*~ (stealth).
  7850 | D:8      | Reached skill level 10 in Axes
  7881 | D:8      | 7881 ||| Stepping ~*~*~tactically~*~*~ (stealth).
  7884 | D:8      | 7884 ||| Stepping ~*~*~tactically~*~*~ (stealth).
  7888 | D:8      | Reached XP level 10. HP: 62/63 MP: 10/10
  8256 | D:8      | 8256 ||| UPGRADING to +4 ring of protection.
  8258 | D:8      | 8258 ||| UPGRADING to +6 ring of strength.
  8260 | D:8      | 8260 ||| DROPPING ring of willpower.
  8261 | D:8      | 8261 ||| READING scroll labelled WUF ZILAMUDDO.
  8352 | D:9      | 8352 ||| Stepping ~*~*~tactically~*~*~ (hiding).
  8353 | D:9      | 8353 ||| Stepping ~*~*~tactically~*~*~ (hiding).
  8361 | D:9      | 8361 ||| Stepping ~*~*~tactically~*~*~ (stealth).
  8368 | D:9      | Noticed a two-headed ogre
  8380 | D:9      | Slain by a two-headed ogre

Levels and vault maps discovered:
D:1:      ldierk_walled_garden_2, layout_basic
D:2:      layout_rooms, kennysheep_generic_room_6
D:3:      layout_basic, dreamdust_ecumenical_altar_statues,
          gammafunk_ghost_split, minmay_misc_feat_secret_circle
D:4:      layout_basic, minmay_temple_entry_glassed_door
D:5:      layout_basic, serial_shops, nicolae_shop_overgrown_old_shop
D:6:      layout_basic, mainiacjoe_overflow_tiny_flanked,
          ebering_ghost_reflecting_pool, chequers_serial_rivers_room_a,
          interstate_on_off, uniq_pikel
D:7:      layout_rooms, uniq_crazy_yiuf_cottage
D:8:      layout_loops_cross
D:9:      layout_irregular_city, fedhas_altar_3, st_stairs_2,
          minmay_pinched_square

Skill      XL: |  1  2  3  4  5  6  7  8  9 10 |
---------------+-------------------------------+-----
Axes           | 2 3 4 5 6 8 10 | 10.1
Fighting       | 4 6 7 8 |  8.0
Dodging        | 1 |  1.0
Armour         | 4 5 6 7 |  7.0
Shields        | 4 5 |  5.0

Action                   |  1- 3 |  4- 6 |  7- 9 | 10-12 || total
-------------------------+-------+-------+-------+-------++-------
Melee: War axe           |   104 |   153 |   248 |    50 ||   555
  Use: Scroll            |     6 |     6 |     9 |     1 ||    22
       Potion            |       |     1 |     1 |       ||     2
Armor: Scale mail        |    31 |       |       |       ||    31
       Chain mail        |    16 |    35 |       |       ||    51
       Plate armour      |       |    68 |   195 |    30 ||   293
Dodge: Dodged            |    51 |    50 |    71 |    14 ||   186
Block: Buckler           |    20 |    25 |    42 |     7 ||    94

Table legend:
 A = Non-vault XP
 B = Vault XP
 C = Vault XP percentage of total XP
 D = Non-vault monster count
 E = Vault monster count
 F = Vault count percentage of total count
                 A         B        C        D         E       F
            +---------+---------+-------+---------+---------+-------
      Total |    4791 |     750 |  13.5 |     144 |       5 |   3.4
            +---------+---------+-------+---------+---------+-------
        D:1 |      51 |       0 |   0.0 |      23 |       0 |   0.0
        D:2 |      54 |       3 |   5.3 |      14 |       2 |  12.5
        D:3 |      37 |       0 |   0.0 |      14 |       0 |   0.0
        D:4 |     201 |       0 |   0.0 |      19 |       0 |   0.0
        D:5 |     470 |       0 |   0.0 |      13 |       0 |   0.0
        D:6 |     395 |     629 |  61.4 |       8 |       1 |  11.1
        D:7 |    1706 |       0 |   0.0 |      22 |       0 |   0.0
        D:8 |    1559 |       0 |   0.0 |      26 |       0 |   0.0
        D:9 |     318 |     118 |  27.1 |       5 |       2 |  28.6
            +---------+---------+-------+---------+---------+-------
